 Dungeon Crawl Stone Soup version 0.18-a0-1682-g23343eb (webtiles) character file.

9419403 SirMumm the Archmage (level 27, 215/215 HPs)
             Began as a High Elf Wizard on Apr 2, 2016.
             Was the Champion of Vehumet.
             Escaped with the Orb
             ... and 15 runes on Apr 3, 2016!
             The game lasted 12:18:36 (188408 turns).

SirMumm the Archmage (High Elf Wizard)            Turns: 188408, Time: 12:18:36

Health: 215/215    AC: 17    Str: 15    XL:     27
Magic:  64/64      EV: 36    Int: 48    God:    Vehumet [******]
Gold:   19966      SH: 24    Dex: 21    Spells: 11 memorised, 0 levels left

rFire  + + .     SeeInvis .     H - staff of conjuration
rCold  + . .     Gourm    .     V - +2 robe {Archmagi}
rNeg   + + .     Faith    .     y - +5 shield {reflect}
rPois  +         Spirit   .     E - +2 helmet {Int+3}
rElec  +         Dismiss  .     J - +1 cloak of the Imp {rPois rF+ Str+2}
rCorr  .         Reflect  +     A - +2 pair of gloves {Str+3}
SustAt .         Harm     .     F - +1 pair of boots of the Scribe {Str+4 Int+10}
MR     ++...                    R - amulet "Wimieb" {rF+ Regen+ Dex+4}
Stlth  +++.......               q - ring "Vaexeg" {*Drain +Fly rC+ rN+}
                                t - ring "Kahu" {Wiz rElec rN+ MP+9}

@: studying 2 skills, repel missiles, very resistant to hostile enchantments,
fairly stealthy
A: no striking features
a: Renounce Religion, Evoke Flight
0: Orb of Zot
}: 15/15 runes: barnacled, slimy, silver, golden, iron, obsidian, icy, bone,
abyssal, demonic, glowing, magical, fiery, dark, gossamer


You escaped.
You worshipped Vehumet.
Vehumet was exalted by your worship.
You were not hungry.

You visited 17 branches of the dungeon, and saw 92 of its levels.
You visited Pandemonium 2 times, and saw 60 of its levels.
You visited the Abyss 3 times.
You visited 2 bazaars.
You also visited: Labyrinth, Trove and Ice Cave.

You collected 20887 gold pieces.
You spent 921 gold pieces at shops.

Inventory:

Hand Weapons
 x - the +6 Sword of Cerebov {flame}
   (You took it off Cerebov in Pandemonium)

   It has been specially enchanted to burn those struck by it, causing extra
   injury to most foes and up to half again as much damage against particularly
   susceptible opponents.
   Big, fiery blades are also staple armaments of hydra-hunters.
 P - the +7 Sceptre of Asmodeus
   (You took it off Asmodeus on level 7 of Gehenna)
 S - the +4 Staff of Dispater
   (You took it off Dispater on level 7 of the Iron City of Dis)
Armour
 n - the +0 large shield of the Saviour {rC- Int+6 SInv}
   (You took it off a daeva in Pandemonium)

   It affects your intelligence (+6).
   It makes you vulnerable to cold.
   It lets you see invisible.
 y - a +5 shield of reflection (worn)
 A - a +2 pair of gloves of strength (worn)
 E - a +2 helmet of intelligence (worn)
 F - the +1 pair of boots of the Scribe (worn) {Str+4 Int+10}
   (You found it in Pandemonium)

   It affects your strength (+4).
   It affects your intelligence (+10).
 J - the +1 cloak of the Imp (worn) {rPois rF+ Str+2}
   (You found it on level 11 of the Dungeon)

   It affects your strength (+2).
   It protects you from fire.
   It protects you from poison.
 V - a +2 robe of the Archmagi (worn)
 Y - a +2 pair of boots of flying
Magical Staves
 H - an uncursed staff of conjuration (weapon)
Jewellery
 e - the ring of Eternity {AC+2 SInv}
   (You found it on level 5 of the Lair of Beasts)

   [ring of protection]

   It affects your AC (+2).
   It lets you see invisible.
 q - the ring "Vaexeg" (right hand) {*Drain +Fly rC+ rN+}
   (You found it in a treasure trove)

   [ring of positive energy]

   It protects you from cold.
   It protects you from negative energy.
   It lets you fly.
   It causes draining when unequipped.
 t - the ring "Kahu" (left hand) {Wiz rElec rN+ MP+9}
   (You found it in a treasure trove)

   [ring of wizardry]

   It improves your spell success rate.
   It insulates you from electricity.
   It protects you from negative energy.
   It affects your magic capacity (+9).
 K - the ring "Deubatt" {rN+++ MR+ MP+9 Str-3 Dex+3}
   (You acquired it on level 5 of the Vaults)

   [ring of protection from magic]

   It affects your strength (-3).
   It affects your dexterity (+3).
   It renders you almost immune to negative energy.
   It affects your resistance to hostile enchantments.
   It affects your magic capacity (+9).
 R - the amulet "Wimieb" (around neck) {rF+ Regen+ Dex+4}
   (You found it in a treasure trove)

   [amulet of regeneration]

   It affects your dexterity (+4).
   It protects you from fire.
   It increases your rate of regeneration.
 U - the ring of Maiwk {rF+ rN+}
   (You found it in Pandemonium)

   [ring of positive energy]

   It protects you from fire.
   It protects you from negative energy.
Wands
 s - a wand of hasting (3/9)
 w - a wand of teleportation (9/9)
 W - a wand of digging (11/24)
Scrolls
 c - 9 scrolls of enchant armour
 h - 42 scrolls of identify
 i - 12 scrolls of summoning
 k - 28 scrolls of teleportation
 r - 4 scrolls of magic mapping
 u - 48 scrolls of remove curse
 B - 2 scrolls of holy word
 D - a scroll of amnesia
 L - 14 scrolls of blinking
 M - 12 scrolls of enchant weapon
 N - 7 scrolls of acquirement
 T - 11 scrolls of recharging
Potions
 f - 6 potions of resistance
 g - 33 potions of curing
 j - 17 potions of brilliance
 l - 13 potions of might
 m - 8 potions of berserk rage
 o - 9 potions of agility
 p - 15 potions of haste
 v - 5 potions of heal wounds
 z - 13 potions of invisibility
 O - 7 potions of cancellation
 Z - 7 potions of cure mutation
Books
 b - a manual of Charms
 X - a manual of Armour
Miscellaneous
 a - 4 phantom mirrors
 G - a figurine of a ziggurat
Comestibles
 d - 42 bread rations
 C - 14 royal jellies
 I - 24 meat rations
 Q - 43 fruits


   Skills:
 + Level 24.3 Fighting
 - Level 13.1 Armour
 O Level 27 Dodging
 - Level 23.2 Stealth
 O Level 27 Shields
 O Level 27 Spellcasting
 O Level 27 Conjurations
 - Level 10.0 Charms
   Level 0.8 Summonings
 - Level 22.8 Necromancy
 - Level 15.2 Translocations
 - Level 18.3 Transmutations
 O Level 27 Fire Magic
 - Level 13.9 Ice Magic
 O Level 27 Air Magic
 + Level 25.7 Earth Magic
 - Level 8.0 Poison Magic


You couldn't memorise any spells.
You knew the following spells:

 Your Spells              Type           Power        Failure   Level  Hunger
a - Bolt of Fire          Conj/Fire      #########.   0%          6    None
b - Controlled Blink      Tloc           N/A          1%          8    None
c - Lehudib's Crystal Sp  Conj/Erth      #########.   1%          8    None
d - Glaciate              Conj/Ice       #########.   1%          9    None
e - Repel Missiles        Chrm/Air       ######       0%          2    None
g - Fire Storm            Conj/Fire      #########.   1%          9    None
h - Poison Arrow          Conj/Pois      #########.   1%          6    None
j - Orb of Destruction    Conj           #########.   0%          7    None
k - Tornado               Air            #########.   1%          9    None
l - Necromutation         Trmt/Necr      #########.   1%          8    None
m - Death's Door          Chrm/Necr      ########..   1%          8    None


Dungeon Overview and Level Annotations

Branches:
Dungeon (15/15)            Temple (0/1) D:5            Lair (8/8) D:9
 Shoals (4/4) Lair:4       Spider (4/4) Lair:5        Slime (6/6) Lair:8
    Orc (2/2) D:9             Elf (3/3) Orc:2        Vaults (5/5) D:14
  Crypt (3/3) Vaults:2       Tomb (3/3) Crypt:3      Depths (5/5) D:15
   Hell (1/1)                 Dis (7/7) Hell            Geh (7/7) Hell
    Coc (7/7) Hell            Tar (7/7) Hell            Zot (5/5) Depths:5

Altars:
Dithmenos
Elyvilon
Fedhas
Kikubaaqudgha
Makhleb
Pakellas
Ru
Trog
Vehumet
Yredelemnul
Beogh
Jiyva
Lugonu

Shops:
D:4 ?!(%   D:6 *   D:9 !   Orc:2 (([[   Elf:2 ?(   Shoals:2 ((?%   Vaults:2 ![?
Vaults:3 (%(*=   Depths:3 !   Depths:5 ?

Portals:
Hell: Depths:1 Depths:2 Depths:3 Depths:4 Depths:5
Abyss: Depths:1 Depths:3 Depths:4 Depths:5
Pandemonium: Depths:3 Depths:5
Ziggurat: Depths:1

Annotations:
Crypt:3 1 exclusion


Message History

You kill the hellwing!
Vehumet accepts your kill.
Casting: Bolt of Fire
Confirm with . or Enter, or press ? or * to list all spells.
You can't see any susceptible monsters within range! (Use Z to cast anyway.) Unknown command.
There is a stone staircase leading up, spattered with blood here.
You climb upwards.
There is a stone staircase leading down here.
Magic restored.
An Orb Guardian comes into view.
There is a stone staircase leading up here.
You climb upwards.
There is a stone staircase leading down here.
There is a stone staircase leading up here.
You climb upwards.
There is a stone staircase leading down here.
There is an open door here.
There is a staircase leading out of the dungeon here.
You have escaped!

........#.(###....# #..#.####
....##).#..###....# #..#.#
...........(...#### #..#.#
..#.##..######.# #..#.# .....#..#
#.# #....# ..####..# #####
#.#..#### ........########.#
#...>.... ..####.......#P≈.♣###
#.#.....#
#.#####.#.####P≈@.'.#####.#...#..
........#.# #P≈.♣#.......#...#..
.......##.# ###.########.##.....
.##....##.# ### #.#####..
.##.#..##.# #.#####.. ....#..##.#
#........ .####..##.# #######..
.####..##.# #........ ..........#
#########.....


There were no monsters in sight!

Vanquished Creatures
  Cerebov (Pan)
  Antaeus (Coc:7)
  Asmodeus (Geh:7)
  Dissolution (Slime:5)
  the Royal Jelly (Slime:6)
  Ereshkigal (Tar:7)
  Ignacio (Pan)
  Gloorx Vloq (Pan)
  Mnoleg (Pan)
  the Serpent of Hell (Coc:7)
  A seraph (Pan)
  Lom Lobon (Pan)
  Dispater (Dis:7)
  3 ancient liches
  Khufu (Crypt:3)
  10 orbs of fire
  Mennas (Pan)
  Mara (Tomb:2)
  A juggernaut (Depths:4)
  The ghost of Mandevil the Conqueror, a legendary FoAM of Cheibriados (Pan)
  33 greater mummies
  Frederick (Crypt:3)
  12 shard shrikes
  Margery (Depths:5)
  11 iron giants
  4 curse toes
  51 pandemonium lords (Pan)
  A caustic shrike (Depths:4)
  Geryon (Hell)
  5 Killer Klowns
  8 golden dragons
  2 pearl dragons (Pan)
  Jory (Vaults:4)
  37 Tzitzimimeh
  Arachne (Spider:4)
  5 profane servitors
  18 bone dragons
  Xtahua (Crypt:1)
  6 doom hounds
  48 Brimstone Fiends
  22 tentacled monstrosities
  5 hellephants
  2 electric golems (Zot:5)
  The ghost of Arkorax the Deadly Accurate, an adept DrBe of Trog (Vaults:3)
  35 Ice Fiends
  24 Orb Guardians (Zot:5)
  31 Hell Sentinels
  Rupert (Lair:4)
  24 liches
  4 titans (Vaults:5)
  3 deep elf blademasters
  23 acid blobs
  2 deep elf master archers (Elf:3)
  42 tentacled starspawn
  Murray (Hell)
  2 krakens
  87 Executioners
  7 sphinxes
  3 ancient champions
  8 death cobs
  4 draconian monks
  8 shadow dragons
  16 azure jellies
  4 revenants
  40 warmongers (Pan)
  7 storm dragons
  9 tengu reavers
  31 blood saints (Pan)
  17 frost giants
  Wiglaf (Spider:4)
  8 iron dragons
  Donald (Spider:3)
  10 deep elf sorcerers
  Ilsuiw (Shoals:4)
  20 daevas
  7 ghost moths
  14 fire giants
  Maud (D:14)
  An orc warlord (Orc:2)
  4 draconian knights
  Aizul (Spider:3)
  3 draconian zealots
  89 balrugs
  Louise (Depths:5)
  28 angels
  7 emperor scorpions
  78 cacodemons
  5 curse skulls
  19 vault wardens
  6 draconian annihilators
  A draconian shifter (Zot:5)
  8 draconian scorchers
  9 ghouls
  3 deep elf elementalists
  92 reapers
  A draconian caller (Depths:5)
  32 very ugly things
  The ghost of casual the Transmogrifier, a journeyman DsTm of Cheibriados (Depths:1)
  72 starcursed masses
  15 ophanim
  45 stone giants
  15 ironheart preservers
  5 elemental wellsprings
  A spriggan defender (Depths:2)
  6 bennus
  A green draconian (Zot:2)
  5 war gargoyles
  29 corrupters (Pan)
  10 vampire knights
  8 black draconians
  14 salamander stormcallers
  26 lorocyprocas
  5 purple draconians
  Nessos (D:12)
  8 deep elf demonologists
  34 apis (Pan)
  16 deep elf annihilators
  10 yellow draconians
  A spark wasp (shapeshifter) (Vaults:5)
  16 dire elephants
  5 white draconians
  49 chaos champions (Pan)
  4 mottled draconians
  2 spark wasps (Spider:4)
  6 merfolk javelineers
  104 blizzard demons
  14 fire dragons
  6 red draconians
  20 black suns (Pan)
  4 eidola
  5 death oozes (Slime:6)
  An ettin (shapeshifter) (Elf:2)
  45 vault guards
  52 green deaths
  4 merfolk impalers
  A quicksilver dragon zombie (Crypt:3)
  13 deep elf death magi
  3 crystal guardians (Crypt:3)
  A minotaur (Lab)
  20 mummy priests
  19 ettins
  23 great orbs of eyes
  A great orb of eyes (shapeshifter) (Vaults:5)
  15 yaktaur captains
  3 deep elf high priests
  12 jiangshi
  31 ice dragons
  13 entropy weavers
  13 rakshasas
  42 monstrous demonspawn (Pan)
  9 hydras
  23 hell beasts
  6 quicksilver dragon skeletons
  A ghost crab (Tar:3)
  A catoblepas (Lair:5)
  Erica (D:12)
  5 spriggan air magi
  2 naga warriors (Abyss:1)
  An alligator snapping turtle (Shoals:4)
  4 merfolk avatars
  A ghost crab (shapeshifter) (Abyss:1)
  An iron giant zombie (Depths:3)
  13 ogre magi
  17 centaur warriors
  An anaconda (shapeshifter) (Vaults:5)
  2 death knights
  3 merfolk aquamancers (Shoals:4)
  4 titan zombies
  4 tengu warriors
  33 dancing weapons
  44 hell hogs
  An anaconda (Lair:8)
  9 deep troll shamans
  24 death yaks
  6 vampire magi
  5 satyrs
  26 thrashing horrors
  8 deep troll earth magi
  2 orc high priests (Orc:2)
  Sonja (Lair:2)
  19 hell knights
  6 spriggan berserkers
  31 wretched stars
  6 storm dragon zombies
  284 sun demons
  6 holy swine (Pan)
  13 iron trolls
  3 spriggans
  30 deep elf knights
  An iron golem (Dis:6)
  236 soul eaters
  3 titan skeletons
  12 shadow wraiths
  153 skeletal warriors
  2 salamander mystics
  8 golden dragon zombies
  30 deep trolls
  9 anaconda zombies
  8 sea snakes
  68 shadow demons
  10 storm dragon skeletons
  2 death drakes (Abyss:1)
  8 unseen horrors
  2 quicksilver dragon simulacra
  55 gelid demonspawn (Pan)
  14 cherubim (Pan)
  73 death scarabs
  2 kraken simulacra
  54 infernal demonspawn (Pan)
  13 ironbrand convokers
  9 flayed ghosts
  A ghost moth zombie (Dis:7)
  42 putrid demonspawn (Pan)
  9 wolf spider zombies
  20 deep elf archers
  12 giant orange brains
  4 shadow dragon zombies
  2 obsidian statues (Zot:1)
  10 anaconda skeletons
  13 phantasmal warriors
  A lindwurm (shapeshifter) (Depths:3)
  49 torturous demonspawn (Pan)
  21 anubis guards
  11 harpies
  6 hill giants
  A lindwurm (Lair:5)
  7 wizards
  18 necromancers
  An iron giant simulacrum (Depths:3)
  10 golden dragon skeletons
  12 griffons
  14 orc knights
  A mana viper (Abyss:1)
  8 stone giant zombies
  21 salamanders
  45 wolf spiders
  60 deep elf magi
  7 shining eyes
  78 ugly things
  5 fire giant zombies
  4 oklob plants
  25 orb spiders
  26 fauns
  7 hornets
  6 shadow dragon skeletons
  5 frost giant zombies
  9 manticores
  4 iron dragon skeletons
  7 orc sorcerers
  19 elephants
  96 sixfirhies
  15 worldbinders
  2 hornets (shapeshifter) (Vaults:1)
  10 cyclopes
  A salamander (shapeshifter) (Vaults:3)
  15 vault sentinels
  4 black mambas
  22 moths of wrath
  47 rust devils
  2 titan simulacra (Coc:7)
  4 dire elephant zombies
  6 iron dragon zombies
  257 smoke demons
  A moth of wrath (shapeshifter) (Abyss:1)
  10 sirens
  9 apocalypse crabs
  2 shock serpent zombies
  8 stone giant skeletons
  10 eyes of devastation
  9 fire giant skeletons
  A toenail golem (Pan)
  12 frost giant skeletons
  4 centaur zombies
  A guardian serpent (shapeshifter) (Depths:2)
  4 ice statues
  5 water nymphs
  A water nymph (shapeshifter) (Depths:3)
  2 guardian serpents (Abyss:1)
  9 molten gargoyles
  A gargoyle (D:14)
  5 dire elephant skeletons
  2 emperor scorpion zombies
  14 spiny frogs
  2 rime drakes
  5 spectral swamp worms (Depths:2)
  3 storm dragon simulacra (Coc:7)
  A shock serpent skeleton (Tar:7)
  7 kobold demonologists
  133 orange demons
  10 komodo dragons
  92 hellions
  2 yaktaur skeletons
  26 efreet
  78 tormentors
  71 ice devils
  26 freezing wraiths
  A catoblepas skeleton (Pan)
  103 demonic crawlers
  70 yaktaurs
  101 hellwings
  24 ancient zymes
  49 guardian mummies
  2 harpy zombies (Dis:7)
  7 trolls
  15 hydra zombies
  119 red devils
  31 jumping spiders
  A yellow draconian skeleton (Crypt:1)
  24 merfolk
  4 tengu conjurers
  3 harpy skeletons
  A troll (shapeshifter) (D:13)
  3 polar bears
  10 hydra skeletons
  12 two-headed ogres
  66 raiju
  143 slime creatures
  3 fire giant simulacra
  5 boulder beetles
  3 fire dragon zombies
  26 blink frogs
  11 snapping turtles
  304 large abominations
  2 bog bodies (Crypt:2)
  A sphinx simulacrum (Vaults:2)
  3 ice dragon zombies
  A jumping spider zombie (Crypt:1)
  2 alligator zombies
  7 ettin zombies
  2 frost giant simulacra (Abyss:1)
  11 ushabtiu
  A death drake skeleton (Crypt:1)
  80 redbacks
  161 flying skulls
  The ghost of Arkorax the Ducker, an amateur SpBe of Trog (D:4)
  7 air elementals
  6 ettin skeletons
  6 ice dragon skeletons
  6 fire dragon skeletons
  28 shadows
  22 tarantellas
  3 alligator skeletons
  192 ynoxinuls
  19 water elementals
  A black mamba skeleton (Coc:3)
  A tarantella (shapeshifter) (Depths:2)
  4 wyverns
  29 wraiths
  63 yaks
  3 yaks (shapeshifter)
  4 black mamba zombies
  6 vampires
  12 fire elementals
  A human (shapeshifter) (Vaults:1)
  6 basilisks
  A hog (shapeshifter) (Vaults:3)
  10 hungry ghosts
  8 fire bats (Abyss:1)
  A golden eye (shapeshifter) (Abyss:1)
  92 neqoxecs
  16 hippogriffs
  A steam dragon (shapeshifter) (Vaults:4)
  212 chaos spawn
  23 golden eyes
  A steam dragon (Lair:4)
  10 vampire mosquitoes
  5 mottled dragons
  13 spatial vortices
  2 human simulacra (Vaults:1)
  7 wargs
  6 insubstantial wisps (Abyss:1)
  A swamp worm (shapeshifter) (Depths:4)
  A soldier ant (shapeshifter) (Zot:1)
  A soldier ant (D:11)
  3 hydra simulacra
  56 hell hounds
  A merfolk zombie (Dis:5)
  17 water moccasins
  A gelid demonspawn skeleton (Geh:7)
  6 spiny frog zombies
  46 orc warriors
  22 porcupines
  A deep troll skeleton (Crypt:2)
  2 merfolk skeletons
  6 snapping turtle zombies
  A black bear (D:13)
  2 spiny frog skeletons
  A manticore zombie (Dis:7)
  5 wasps
  3 swamp dragon zombies (Dis:7)
  5 sky beasts
  30 ice beasts
  20 necrophages
  2 ettin simulacra
  4 boggarts
  7 phantoms
  A blink frog zombie (Crypt:2)
  11 eyes of draining
  40 wolves
  48 ogres
  10 snapping turtle skeletons
  2 elf skeletons
  27 centaurs
  3 manticore skeletons
  16 crocodiles
  3 big kobolds
  21 giant frogs
  5 earth elementals
  3 human skeletons
  A spiny frog simulacrum (Hell)
  108 small abominations
  2 wyvern skeletons
  5 scorpions
  A raiju zombie (Crypt:1)
  21 killer bees
  A manticore simulacrum (Tomb:1)
  2 spriggan skeletons
  A snapping turtle simulacrum (Coc:7)
  67 wights
  A spriggan zombie (Tar:3)
  14 electric eels
  2 howler monkeys
  26 crimson imps
  A giant frog zombie (D:9)
  13 quasits
  44 jellies
  A wasp zombie (D:8)
  4 hounds
  7 centaur skeletons
  36 orc priests
  46 iron imps
  37 orc wizards
  A giant frog skeleton (D:11)
  11 iguanas
  Natasha (thrice) (D:2)
  8 hell rats
  2 lightning spires (Zot:1)
  An iguana (shapeshifter) (Vaults:5)
  8 worker ants
  39 sheep
  A naga zombie (Crypt:1)
  A tengu zombie (Geh:7)
  A demigod zombie (Crypt:1)
  A felid zombie (Crypt:1)
  2 naga skeletons (Pan)
  3 hound skeletons
  68 mummies
  2 howler monkey skeletons
  11 adders
  96 river rats
  11 shadow imps
  21 white imps
  18 ufetubi
  An ooze (D:5)
  A halfling skeleton (Crypt:2)
  3 worms (D:2)
  2 ball lightnings (Pan)
  2 dart slugs
  3 giant geckos
  133 orcs
  5 bats
  3 giant cockroaches
  5 goblins
  4 hobgoblins
  19 jackals
  34 kobolds
  4 quokkas
  2 giant gecko skeletons
  5 giant newts
  A jackal skeleton (D:8)
  7 rats
  A block of ice (Pan)
  3 bushes
  A butterfly (Lair:6)
  An eldritch tentacle segment (Coc:3)
  88 fire vortices
  6 fungi
  2 lost souls
  9 lurking horrors (Abyss:1)
  29 plants
  13 starspawn tentacles
  A starspawn tentacle segment (Abyss:4)
  4 tentacles (Shoals:2)
  2 withered plants (D:15)
8961 creatures vanquished.

Vanquished Creatures (collateral kills)
  A greater mummy (Tomb:1)
  A pandemonium lord (Pan)
  An Orb Guardian (Zot:5)
  A lich (Tomb:2)
  An Executioner (Pan)
  A tentacled starspawn (Abyss:1)
  An azure jelly (Slime:6)
  A daeva (Pan)
  A cacodemon (Pan)
  A draconian annihilator (Pan)
  An angel (Pan)
  A reaper (Pan)
  2 stone giants
  2 apis (Pan)
  3 chaos champions (Pan)
  A vampire knight (Crypt:1)
  4 starcursed masses
  A blood saint (Pan)
  A black sun (Pan)
  A monstrous demonspawn (Pan)
  A soul eater (Pan)
  A wretched star (Abyss:1)
  A wizard (Pan)
  A death scarab (Tomb:3)
  A cherub (Pan)
  A shadow demon (Pan)
  A giant orange brain (Pan)
  A torturous demonspawn (Pan)
  A putrid demonspawn (Pan)
  A shadow dragon skeleton (Coc:7)
  2 ugly things
  An iron dragon skeleton (Pan)
  2 sixfirhies (Abyss:1)
  A smoke demon (Pan)
  An apocalypse crab (Abyss:4)
  A titan simulacrum (Coc:7)
  A freezing wraith (Dis:6)
  A queen bee (D:8)
  A slime creature (Slime:6)
  A flying skull (Tomb:3)
  An air elemental (Depths:5)
  3 ynoxinuls
  A golden eye (Pan)
  2 large abominations
  A neqoxec (Pan)
  5 small abominations
  An orc warrior (Vaults:4)
  An eye of draining (Abyss:1)
  An ice beast (Abyss:1)
  2 necrophages
  A killer bee (D:8)
  A wight (Abyss:1)
  An orc priest (Vaults:5)
  3 jellies
  4 hell rats (Hell)
  An orc wizard (Vaults:4)
  3 mummies
  A shadow imp (Abyss:1)
  A white imp (Abyss:1)
  A ball lightning (Pan)
  A fire vortex (Pan)
85 creatures vanquished.

Vanquished Creatures (others)
  An electric golem (Zot:5)
  2 eldritch tentacles
  2 death cobs (Zot:5)
  A stone giant (Dis:6)
  An ice dragon (Coc:7)
  2 hell hogs
  2 skeletal warriors
  A death scarab (Tomb:3)
  A deep elf archer (Elf:3)
  2 deep elf magi (Elf:3)
  A hellion (Zot:5)
  A hellwing (Pan)
  A guardian mummy (Tomb:1)
  A two-headed ogre (Vaults:5)
  An air elemental (Elf:3)
  15 flying skulls
  A ynoxinul (Pan)
  2 small abominations (Abyss:1)
  2 wights
  5 mummies
  5 blocks of ice
  2 bushes (Lair:8)
  63 eldritch tentacle segments
  1049 fire vortices
  12 fungi
  4 lost souls
  A lurking horror (Abyss:4)
  64 plants
  41 starspawn tentacles
  365 starspawn tentacle segments
  25 tentacles
  209 tentacle segments (Shoals:2)
  13 toadstools (Lair:5)
1898 creatures vanquished.

Grand Total: 10944 creatures vanquished

Notes
Turn   | Place    | Note
--------------------------------------------------------------
     0 | D:1      | SirMumm the High Elf Wizard began the quest for the Orb.
     0 | D:1      | Reached XP level 1. HP: 11/11 MP: 6/6
   333 | D:1      | Reached XP level 2. HP: 17/17 MP: 5/7
  1023 | D:1      | Learned a level 2 spell: Blink
  1331 | D:2      | Found a radiant altar of Vehumet.
  1331 | D:2      | Found an oddly glowing altar of Pakellas.
  1333 | D:2      | Reached XP level 3. HP: 21/21 MP: 6/9
  1334 | D:2      | Found a shadowy altar of Dithmenos.
  1346 | D:2      | Became a worshipper of Vehumet
  1401 | D:2      | Learned a level 3 spell: Conjure Flame
  1405 | D:2      | Learned a level 3 spell: Mephitic Cloud
  1416 | D:2      | Found a white marble altar of Elyvilon.
  1972 | D:2      | Noticed Natasha
  1977 | D:2      | Killed Natasha
  1977 | D:2      | Reached skill level 1 in Air Magic
  1977 | D:2      | Reached XP level 4. HP: 27/27 MP: 4/11
  1981 | D:2      | Learned a level 2 spell: Repel Missiles
  2393 | D:2      | Noticed Natasha
  2401 | D:2      | Killed Natasha
  2545 | D:2      | Noticed Natasha
  2549 | D:2      | Killed Natasha
  2608 | D:3      | Reached XP level 5. HP: 31/31 MP: 8/12
  2761 | D:3      | Found a faded altar to an unknown god.
  2824 | D:3      | Reached * piety under Vehumet
  2824 | D:3      | Offered knowledge of Freeze by Vehumet.
  3227 | D:4      | Noticed Arkorax's ghost (amateur SpBe)
  3408 | D:4      | Found a burning altar of Makhleb.
  3412 | D:4      | Reached skill level 5 in Spellcasting
  3412 | D:4      | Reached XP level 6. HP: 36/36 MP: 9/14
  3637 | D:4      | Found Figad's Distillery.
  3639 | D:4      | Found Tavea's Magic Scroll Boutique.
  3640 | D:4      | Bought a potion of heal wounds for 55 gold pieces
  3640 | D:4      | Bought a potion of brilliance for 44 gold pieces
  3640 | D:4      | Bought a potion of lignification for 33 gold pieces
  3653 | D:4      | Bought a scroll of teleportation for 30 gold pieces
  3692 | D:4      | Reached skill level 5 in Conjurations
  3753 | D:4      | HP: 1/36 [Arkorax's ghost (10)]
  4125 | D:4      | You fall through a shaft for 2 floors!
  4125 | D:6      | Found a bloodstained altar of Trog.
  4125 | D:6      | Noticed an orc warrior
  4143 | D:6      | Found Rydwal's General Store.
  4244 | D:6      | Killed an orc warrior
  4244 | D:6      | Reached XP level 7. HP: 25/41 MP: 5/16
  4583 | D:6      | Noticed a troll
  4593 | D:6      | HP: 1/41 [troll (9)]
  4596 | D:6      | Killed a troll
  4969 | D:6      | Reached XP level 8. HP: 34/46 MP: 13/18
  5503 | D:5      | Entered Level 5 of the Dungeon
  5503 | D:5      | Found a staircase to the Ecumenical Temple.
  5844 | D:5      | Reached ** piety under Vehumet
  5844 | D:5      | Offered knowledge of Sting by Vehumet.
  5921 | D:5      | Reached skill level 1 in Fire Magic
  6129 | D:5      | Reached skill level 5 in Air Magic
  6472 | D:4      | Found Faaloc's Food Boutique.
  6801 | D:4      | Killed Arkorax's ghost
  6801 | D:4      | Reached XP level 9. HP: 51/51 MP: 11/21
  6861 | D:4      | Found Siseih's Weapon Shoppe.
  7470 | D:7      | Offered knowledge of Throw Frost by Vehumet.
  8461 | D:8      | Noticed a queen bee
  8477 | D:8      | Reached *** piety under Vehumet
  8479 | D:8      | Reached skill level 10 in Conjurations
  8489 | D:8      | Killed a queen bee
  8594 | D:8      | Learned a level 5 spell: Lightning Bolt
  8648 | D:8      | Offered knowledge of Sticky Flame by Vehumet.
  9242 | D:8      | Reached XP level 10. HP: 56/56 MP: 16/24
  9602 | D:9      | Found a staircase to the Lair.
  9662 | D:9      | Noticed Erica
  9723 | D:9      | Reached **** piety under Vehumet
  9907 | D:9      | Found Xoriaw's Distillery.
 10148 | D:9      | Offered knowledge of Airstrike by Vehumet.
 10328 | D:9      | Reached skill level 10 in Spellcasting
 10470 | D:9      | Found a roughly hewn altar of Beogh.
 10470 | D:9      | Found a staircase to the Orcish Mines.
 10584 | D:9      | Learned a level 4 spell: Airstrike
 10850 | D:9      | Found a sacrificial altar of Ru.
 10953 | D:9      | Killed an unseen horror
 11165 | D:10     | Entered Level 10 of the Dungeon
 11830 | D:10     | Reached skill level 5 in Dodging
 12588 | D:11     | Reached XP level 11. HP: 39/61 MP: 28/28
 12848 | D:11     | Got a translucent mace
 12849 | D:11     | Identified the cursed +1 mace "Eqyduet" {venom, rF++ MR+ Int+4} (You found it on level 11 of the Dungeon)
 12893 | D:11     | Noticed a hill giant
 13067 | D:11     | Reached ***** piety under Vehumet
 13171 | D:11     | Killed a hill giant
 13242 | D:11     | Offered knowledge of Poison Arrow by Vehumet.
 13465 | D:11     | Learned a level 6 spell: Poison Arrow
 13869 | D:11     | Noticed a hill giant
 13882 | D:11     | Killed a hill giant
 14112 | D:11     | Got a fine cloak
 14118 | D:11     | Identified the +1 cloak of the Imp {rPois rF+ Str+2} (You found it on level 11 of the Dungeon)
 14318 | D:11     | Noticed a skeletal warrior
 14337 | D:11     | Killed a skeletal warrior
 14554 | D:11     | Gained mutation: You are covered in fur (AC +1). [potion of beneficial mutation]
 14598 | Lair:1   | Entered Level 1 of the Lair of Beasts
 14613 | Lair:1   | Found a labyrinth entrance.
 14622 | Lab      | Entered a labyrinth
 14798 | Lab      | Reached skill level 1 in Poison Magic
 15257 | Lab      | Noticed a minotaur
 15262 | Lab      | Killed a minotaur
 15334 | Lab      | Identified the Guide on Heat and the Entourage
 15334 | Lab      | Got a pitted wooden ring
 15343 | Lab      | Learned a level 6 spell: Bolt of Fire
 15344 | Lab      | Identified the ring of the Monkey's Uncle {+Blink rC+ Int-4 SInv} (You found it in a labyrinth)
 15348 | Lab      | Got a scorched halberd
 15359 | Lab      | Identified the cursed +0 halberd "Syog" {antimagic, Int+4} (You found it in a labyrinth)
 16295 | Lair:1   | Reached skill level 15 in Spellcasting
 16302 | Lair:1   | Reached XP level 12. HP: 51/66 MP: 4/32
 16799 | Lair:2   | Got a twisted chain mail
 16810 | Lair:2   | Identified the cursed +0 chain mail of Ifiddy {rPois rC+ rN+ Int-3} (You found it on level 2 of the Lair of Beasts)
 17192 | Lair:2   | Noticed Sonja
 17194 | Lair:2   | Killed Sonja
 18872 | Lair:3   | Noticed a death yak
 18872 | Lair:3   | Noticed a death yak
 18881 | Lair:3   | Noticed a death yak
 18884 | Lair:3   | Noticed a death yak
 18892 | Lair:3   | Killed a death yak
 18894 | Lair:3   | Killed a death yak
 18927 | Lair:3   | Noticed a death yak
 18928 | Lair:3   | Noticed a death yak
 18942 | Lair:3   | Killed a death yak
 18942 | Lair:3   | Reached skill level 5 in Poison Magic
 18954 | Lair:3   | Killed a death yak
 18969 | Lair:3   | Killed a death yak
 18974 | Lair:3   | Killed a death yak
 18974 | Lair:3   | Reached skill level 5 in Fire Magic
 19553 | Lair:3   | Reached XP level 13. HP: 71/71 MP: 12/35
 20290 | Lair:3   | Offered knowledge of Venom Bolt by Vehumet.
 20492 | Lair:2   | Identified 2 scrolls of acquirement
 20836 | Lair:3   | Reached ****** piety under Vehumet
 21483 | Lair:4   | Found a frozen archway.
 21537 | IceCv    | Entered an ice cave
 22164 | IceCv    | Got a warped lead ring
 22211 | IceCv    | Identified the ring of Utracihe {+Fly Str-3 Int+4 Dex+3 SInv} (You found it in an ice cave)
 22435 | Lair:4   | Offered knowledge of Freezing Cloud by Vehumet.
 22675 | Lair:4   | Noticed Rupert
 23435 | Lair:4   | Killed Rupert
 23583 | Lair:4   | Found a staircase to the Shoals.
 23995 | Lair:5   | Found a hole to the Spider Nest.
 24549 | Lair:5   | Offered knowledge of Conjure Ball Lightning by Vehumet.
 24726 | Lair:5   | Reached XP level 14. HP: 76/76 MP: 32/37
 24774 | Lair:5   | Got a scintillating steel ring
 24776 | Lair:5   | Identified the ring of Eternity {AC+2 SInv} (You found it on level 5 of the Lair of Beasts)
 27941 | Lair:7   | Reached skill level 10 in Dodging
 28051 | Lair:8   | Entered Level 8 of the Lair of Beasts
 28130 | Lair:8   | Offered knowledge of Bolt of Cold by Vehumet.
 28277 | Lair:8   | Found a blossoming altar of Fedhas.
 28747 | Lair:8   | Found a staircase to the Slime Pits.
 29175 | Lair:8   | Reached XP level 15. HP: 81/81 MP: 6/39
 29584 | Lair:8   | Got a pitted cloak
 29595 | Lair:8   | Identified the +0 cloak "Unnaew" {rF+ rCorr Int-2} (You found it on level 8 of the Lair of Beasts)
 29677 | Lair:8   | Reached skill level 10 in Fire Magic
 29931 | Lair:8   | Got a faintly humming scale mail
 29942 | Lair:8   | Identified the +1 scale mail of Zeomoihi {Dex+5} (You found it on level 8 of the Lair of Beasts)
 30265 | Orc:1    | Entered Level 1 of the Orcish Mines
 30410 | Orc:1    | Offered knowledge of Delayed Fireball by Vehumet.
 30791 | Orc:1    | Found a roughly hewn altar of Beogh.
 31143 | Orc:1    | Found a burning altar of Makhleb.
 31232 | Orc:2    | Entered Level 2 of the Orcish Mines
 31232 | Orc:2    | Found a staircase to the Elven Halls.
 31991 | Orc:2    | Found a roughly hewn altar of Beogh.
 32061 | Orc:2    | Found Dulak's Weapon Emporium.
 32182 | Orc:2    | Found a roughly hewn altar of Beogh.
 32285 | Orc:2    | Found a roughly hewn altar of Beogh.
 32487 | Orc:2    | Found a roughly hewn altar of Beogh.
 32585 | Orc:2    | Found Qaes's Armour Shop.
 32894 | Orc:2    | Noticed an orc warlord
 32909 | Orc:2    | Killed an orc warlord
 33101 | Orc:2    | Found a roughly hewn altar of Beogh.
 33101 | Orc:2    | Found Aczuihumn's Antique Weapon Shoppe.
 33104 | Orc:2    | Found Yskal's Antique Armour Emporium.
 33184 | Elf:1    | Entered Level 1 of the Elven Halls
 33661 | Spider:1 | Entered Level 1 of the Spider Nest
 35029 | Spider:1 | Offered knowledge of Poisonous Cloud by Vehumet.
 35736 | Spider:2 | Reached XP level 16. HP: 86/86 MP: 36/40
 36069 | Spider:3 | Noticed Donald
 36073 | Spider:3 | Killed Donald
 36799 | Spider:3 | Noticed Aizul
 36807 | Spider:3 | Killed Aizul
 37294 | Spider:4 | Entered Level 4 of the Spider Nest
 37474 | Spider:4 | Offered knowledge of Fire Storm by Vehumet.
 37474 | Spider:4 | Offered knowledge of Chain Lightning by Vehumet.
 37474 | Spider:4 | Offered knowledge of Tornado by Vehumet.
 38343 | Spider:4 | Noticed Wiglaf
 38354 | Spider:4 | Killed Wiglaf
 39183 | Spider:4 | Noticed Arachne
 39245 | Spider:4 | Killed Arachne
 39683 | Spider:4 | Reached XP level 17. HP: 90/90 MP: 3/43
 40233 | Spider:4 | Got a gossamer rune of Zot
 40671 | Shoals:1 | Entered Level 1 of the Shoals
 40678 | Shoals:1 | Reached skill level 15 in Fire Magic
 40920 | Shoals:1 | Learned a level 9 spell: Fire Storm
 41843 | Shoals:2 | You are sucked into a shaft!
 42260 | Shoals:3 | Found a white marble altar of Elyvilon.
 42265 | Shoals:3 | Noticed a kraken
 42351 | Shoals:3 | Killed a kraken
 42642 | Shoals:2 | Found Vavim's Food Shop.
 42669 | Shoals:2 | Noticed a kraken
 42837 | Shoals:2 | Killed a kraken
 42975 | Shoals:2 | Found Nuot's Weapon Emporium.
 42992 | Shoals:2 | Found Mueheud's Antique Weapon Boutique.
 43242 | Shoals:2 | Found Vuoggeaf's Magic Scroll Shop.
 44454 | Shoals:4 | Entered Level 4 of the Shoals
 44812 | Shoals:4 | Noticed Ilsuiw
 45308 | Shoals:4 | Reached XP level 18. HP: 56/96 MP: 15/45
 45911 | Shoals:4 | Learned a level 7 spell: Orb of Destruction
 45921 | Shoals:4 | Learned a level 9 spell: Tornado
 46248 | Shoals:4 | Got a barnacled rune of Zot
 46351 | Shoals:4 | Killed Ilsuiw
 46912 | D:12     | Noticed Nessos
 46914 | D:12     | Killed Nessos
 47159 | D:12     | Killed Erica
 48936 | D:14     | Noticed Maud
 48938 | D:14     | Killed Maud
 49517 | D:14     | Found a gate to the Vaults.
 50022 | D:15     | Entered Level 15 of the Dungeon
 50214 | D:15     | Found a white marble altar of Elyvilon.
 50580 | D:15     | Found a staircase to the Depths.
 51666 | Elf:1    | Got a steaming zirconium amulet
 51794 | Elf:1    | Reached XP level 19. HP: 100/100 MP: 30/47
 51992 | Elf:1    | Identified the amulet "Faeresk" {Reflect *Drain Int+3 SH+3} (You found it on level 1 of the Elven Halls)
 52108 | Elf:2    | Found Ivay's Magic Scroll Boutique.
 52206 | Elf:2    | Found Guomyukluo's Weapon Shop.
 52418 | Elf:2    | Found a runed gate.
 52418 | Elf:2    | Found a runed gate.
 52418 | Elf:2    | Found a runed gate.
 53933 | Elf:3    | Entered Level 3 of the Elven Halls
 53988 | Elf:3    | Found a flickering gateway to a bazaar.
 54002 | Bazaar   | Entered a bazaar
 54054 | Bazaar   | Found Ijiarocw's Distillery.
 54054 | Bazaar   | Found Santiyxo's Antique Armour Shoppe.
 54090 | Bazaar   | Found Qarr's Food Emporium.
 54090 | Bazaar   | Found Soublal's Gadget Emporium.
 54681 | Elf:3    | Got a twitching iron amulet
 54694 | Elf:3    | Identified the amulet of Ipyry {Regen+ Dex+3} (You took it off a deep elf mage on level 3 of the Elven Halls)
 55193 | Elf:3    | Got a smoking copper ring
 55299 | Elf:3    | Reached XP level 20. HP: 106/106 MP: 38/49
 55451 | Elf:3    | Identified the ring "Veanex" {rPois MR+ Int+4 Dex-3 Stlth-} (You took it off a deep elf demonologist on level 3 of the Elven Halls)
 55465 | Elf:3    | Got a pitted chain mail
 55477 | Elf:3    | Identified the cursed +1 chain mail of Peek-a-Boo {*Drain MR+++ Dex+4 SInv} (You took it off a deep elf blademaster on level 3 of the Elven Halls)
 55507 | Elf:3    | Reached skill level 15 in Conjurations
 55558 | Elf:3    | Identified the Almanac of Assistive Displacement
 56385 | Elf:3    | Got a steaming helmet
 56396 | Elf:3    | Identified the +0 helmet of Wasted Space {Dex+3} (You found it on level 3 of the Elven Halls)
 56416 | Elf:3    | Got a faintly humming plate armour
 56427 | Elf:3    | Identified the +4 plate armour "Topsinol" {rElec rCorr Int+2} (You found it on level 3 of the Elven Halls)
 56490 | Elf:3    | Got a crude jade ring
 56962 | Vaults:1 | Entered Level 1 of the Vaults
 57221 | Vaults:1 | Identified the ring of Vinlen {+Blink rN+ Str+2} (You took it off a deep elf mage on level 3 of the Elven Halls)
 57671 | Vaults:1 | Found a portal to a secret trove of treasure.
 58902 | Vaults:1 | Reached XP level 21. HP: 110/110 MP: 51/51
 59431 | Vaults:2 | Found Puivaces's Armour Boutique.
 59434 | Vaults:2 | Found Filoegu's Distillery.
 59469 | Vaults:2 | Found a flickering gateway to a bazaar.
 59480 | Bazaar   | Entered a bazaar
 59480 | Bazaar   | Found Zucapten's Assorted Antiques.
 59508 | Bazaar   | Found Fiol's Gadget Shop.
 59516 | Bazaar   | Found Loneng's Magic Scroll Shop.
 59523 | Bazaar   | Found Xaitt's Magic Scroll Boutique.
 59531 | Bazaar   | Bought 2 scrolls of blinking for 135 gold pieces
 59531 | Bazaar   | Bought a scroll of identify for 18 gold pieces
 59531 | Bazaar   | Bought a scroll of identify for 18 gold pieces
 59556 | Bazaar   | Bought a wand of hasting (3/9) for 588 gold pieces
 59961 | Vaults:2 | Got an iridescent rapier
 59962 | Vaults:2 | Identified the +1 rapier "Fyovihim" {holy, rN+} (You found it on level 2 of the Vaults)
 60357 | Vaults:2 | Found a staircase to the Crypt.
 60357 | Vaults:2 | Found an ancient bone altar of Kikubaaqudgha.
 60357 | Vaults:2 | Found a basalt altar of Yredelemnul.
 60442 | Vaults:2 | Found Wailout's Magic Scroll Shop.
 61433 | Vaults:3 | Found Ojahon Wufe's Weapon Shop.
 61433 | Vaults:3 | Found Hucvot's General Store.
 61434 | Vaults:3 | Found Louro's Jewellery Boutique.
 61922 | Vaults:3 | Reached skill level 10 in Air Magic
 61925 | Vaults:3 | Noticed Arkorax's ghost (adept DrBe)
 61937 | Vaults:3 | Killed Arkorax's ghost
 62060 | Vaults:3 | Gained mutation: Your spells are a little harder to cast, but a little more powerful. [potion of beneficial mutation]
 62067 | Vaults:3 | Found Fotokur's Weapon Boutique.
 62250 | Vaults:3 | Found Garyh's Food Shoppe.
 62814 | Vaults:3 | Got a spiked ring mail
 62825 | Vaults:3 | Identified the +1 ring mail "Fafel" {rF+ Regen+ SInv} (You found it on level 3 of the Vaults)
 63660 | Vaults:4 | Noticed Jory
 63664 | Vaults:4 | Killed Jory
 63664 | Vaults:4 | Reached XP level 22. HP: 116/116 MP: 39/53
 64294 | Crypt:1  | Entered Level 1 of the Crypt
 64317 | Crypt:1  | You are sucked into a shaft!
 64728 | Crypt:2  | Got a scorched helmet
 64739 | Crypt:2  | Identified the +0 helmet "Oduamua" {Int-2 Dex+4} (You found it on level 2 of the Crypt)
 64887 | Crypt:2  | Reached skill level 27 in Spellcasting
 64893 | Crypt:2  | Reached skill level 1 in Shields
 66239 | Crypt:1  | Identified the Papyrus of Darkness and Flight
 66337 | Crypt:1  | Noticed Xtahua
 66347 | Crypt:1  | Killed Xtahua
 66967 | Crypt:1  | Reached skill level 5 in Shields
 67213 | Crypt:1  | Identified the Almanac of Ghastly Earth (You found it on level 1 of the Crypt)
 67225 | Crypt:1  | Learned a level 8 spell: Necromutation
 67287 | Crypt:3  | Entered Level 3 of the Crypt
 67288 | Crypt:3  | Reached skill level 15 in Dodging
 67740 | Crypt:3  | Noticed Frederick
 67743 | Crypt:3  | Reached XP level 23. HP: 120/120 MP: 42/55
 67754 | Crypt:3  | Killed Frederick
 67970 | Crypt:3  | Noticed Khufu
 67990 | Crypt:3  | Killed Khufu
 67992 | Crypt:3  | Noticed a greater mummy
 67997 | Crypt:3  | Killed a greater mummy
 68555 | Crypt:3  | Found a staircase to the Tomb.
 68561 | Crypt:3  | Identified Ecvasketz's Incunabulum of Necromancy
 68572 | Crypt:3  | Learned a level 8 spell: Death's Door
 68699 | Crypt:3  | Noticed an ancient lich
 68703 | Crypt:3  | Killed an ancient lich
 69379 | Crypt:3  | Found a basalt altar of Yredelemnul.
 70580 | Slime:1  | Entered Level 1 of the Pits of Slime
 71874 | Slime:2  | Reached XP level 24. HP: 126/126 MP: 49/55
 73028 | Slime:5  | Noticed Dissolution
 73058 | Slime:5  | Killed Dissolution
 74113 | Slime:6  | Entered Level 6 of the Pits of Slime
 74609 | Slime:6  | Found a viscous altar of Jiyva.
 74655 | Slime:6  | Noticed the Royal Jelly
 74663 | Slime:6  | Killed the Royal Jelly
 74959 | Slime:6  | Got a scorched ring mail
 74972 | Slime:6  | Identified the +3 ring mail "Apofadwiawe" {rCorr Dex+3 Slay+3} (You found it on level 6 of the Pits of Slime)
 75115 | Slime:6  | Got a bound lead ring
 75116 | Slime:6  | Identified the ring "Amozaich" {*Tele SInv} (You found it on level 6 of the Pits of Slime)
 75136 | Slime:6  | Got a steaming plate armour
 75147 | Slime:6  | Identified the +1 plate armour of Cheibriados's Reproof {Int+5} (You found it on level 6 of the Pits of Slime)
 75177 | Slime:6  | Got a slimy rune of Zot
 75653 | Depths:1 | Entered Level 1 of the Depths
 75687 | Depths:1 | Noticed casual's ghost (journeyman DsTm)
 75774 | Depths:1 | Killed casual's ghost
 75932 | Depths:1 | Found a gateway to a ziggurat.
 76100 | Depths:1 | Found a one-way gate to the infinite horrors of the Abyss.
 76319 | Depths:1 | Found a gateway to Hell.
 76519 | Depths:1 | Got a faintly humming plate armour
 76540 | Depths:1 | Identified the +9 plate armour "Duryps" {rC+++ MP-9 Dex+5} (You found it on level 1 of the Depths)
 77074 | Depths:2 | Reached XP level 25. HP: 130/130 MP: 48/55
 77371 | Depths:2 | Identified the Compendium of Assistive Stolen Souls
 77949 | Depths:2 | Got an ancient leather armour
 77960 | Depths:2 | Identified the +0 leather armour of Mirth {rElec rF+ Str+2 Int+3} (You found it on level 2 of the Depths)
 80204 | Depths:3 | Found Camie's Distillery.
 80328 | Depths:3 | Found a corrupted altar of Lugonu.
 80575 | Depths:3 | Reached XP level 26. HP: 135/135 MP: 53/55
 80621 | Depths:3 | Found a one-way gate leading to the halls of Pandemonium.
 81219 | Depths:4 | Noticed a juggernaut
 81222 | Depths:4 | Killed a juggernaut
 81808 | Depths:5 | Entered Level 5 of the Depths
 81904 | Depths:5 | Noticed Margery
 81905 | Depths:5 | Killed Margery
 82519 | Depths:5 | Found Ovohungamm's Magic Scroll Emporium.
 82793 | Depths:5 | Noticed Louise
 82794 | Depths:5 | Killed Louise
 83005 | Depths:5 | Found a gate to the Realm of Zot.
 83779 | Vaults:5 | Entered Level 5 of the Vaults
 83781 | Vaults:5 | Reached skill level 27 in Conjurations
 84180 | Vaults:5 | Reached XP level 27. HP: 79/140 MP: 33/55
 85035 | Vaults:5 | Got a silver rune of Zot
 85194 | Vaults:5 | Got a twitching zirconium amulet
 85304 | Vaults:5 | Identified the amulet of Beogh's Vengeance {Harm *Drain +Blink +Inv rF+ MR-} (You took it off a deep elf high priest on level 5 of the Vaults)
 85501 | Vaults:5 | Got a wavering ruby amulet
 85502 | Vaults:5 | Identified the amulet of Dawn {Dismiss Str+4 Slay+2} (You found it on level 5 of the Vaults)
 85905 | Vaults:5 | Got a fine tin ring
 85907 | Vaults:5 | Identified the ring "Deubatt" {rN+++ MR+ MP+9 Str-3 Dex+3} (You acquired it on level 5 of the Vaults)
 86454 | Zot:1    | Entered Level 1 of the Realm of Zot
 86917 | Zot:1    | Reached skill level 10 in Shields
 88230 | Zot:2    | Identified Waimn's Catalogue of Calling and Weightlessness
 88520 | Zot:2    | Noticed an orb of fire
 88530 | Zot:2    | Killed an orb of fire
 89429 | Zot:3    | Noticed an orb of fire
 89640 | Zot:3    | Killed an orb of fire
 89645 | Zot:3    | Reached skill level 15 in Shields
 90371 | Hell     | Entered the Vestibule of Hell
 90371 | Hell     | Noticed Geryon
 90376 | Hell     | Killed Geryon
 90722 | Depths:5 | Voluntarily entered the Abyss.
 90738 | Abyss:1  | Found a corrupted altar of Lugonu.
 90945 | Abyss:1  | Found an ancient bone altar of Kikubaaqudgha.
 93487 | Abyss:1  | Got a faintly glowing tin ring
 93498 | Abyss:1  | Identified the ring of Terra Nullius {Str+3 Stlth-} (You found it on level 1 of the Abyss)
 93506 | Abyss:1  | Found an oddly glowing altar of Pakellas.
 94802 | Abyss:1  | Found a corrupted altar of Lugonu.
 95602 | Abyss:1  | Reached skill level 27 in Fire Magic
 95653 | Abyss:1  | Reached skill level 1 in Fighting
 96178 | Abyss:1  | Reached skill level 1 in Necromancy
 97559 | Abyss:1  | Gained mutation: You are clumsy. (Dex -2) [a cacodemon]
 97749 | Abyss:1  | Gained mutation: You are partially covered in thin metallic scales (AC +2). [a neqoxec]
 97931 | Abyss:1  | Reached skill level 15 in Air Magic
 97946 | Depths:5 | Escaped the Abyss
 98056 | Depths:5 | Voluntarily entered the Abyss.
 99555 | Abyss:1  | Reached skill level 1 in Armour
100103 | Abyss:1  | Found a corrupted altar of Lugonu.
100295 | Abyss:1  | Reached skill level 5 in Armour
101883 | Abyss:4  | Gained mutation: Your magical capacity is low (-10% MP). [a neqoxec]
101920 | Abyss:4  | Got an abyssal rune of Zot
102074 | Depths:5 | Escaped the Abyss
102105 | Depths:5 | Lost mutation: You are clumsy. (Dex -2) [potion of cure mutation]
102105 | Depths:5 | Lost mutation: Your magical capacity is low (-10% MP). [potion of cure mutation]
102204 | Pan      | Entered Pandemonium
102476 | Pan      | Noticed Mandevil's ghost (legendary FoAM)
102591 | Pan      | Killed Mandevil's ghost
102719 | Pan      | Reached skill level 10 in Armour
103156 | Pan      | Noticed Wasuf the pandemonium lord
103162 | Pan      | Killed Wasuf the pandemonium lord
103197 | Pan      | Got a demonic rune of Zot
103208 | Pan      | Found an exit through the horrors of the Abyss.
103768 | Pan      | Found an exit through the horrors of the Abyss.
104021 | Pan      | Noticed Vileuror the pandemonium lord
104024 | Pan      | Killed Vileuror the pandemonium lord
104097 | Pan      | Got an ancient gossamer ring
104109 | Pan      | Identified the ring of Maiwk {rF+ rN+} (You found it in Pandemonium)
104276 | Pan      | Noticed Mennas
104277 | Pan      | Killed Mennas
104677 | Pan      | Found an exit through the horrors of the Abyss.
104814 | Pan      | Noticed Odie the pandemonium lord
104817 | Pan      | Killed Odie the pandemonium lord
104995 | Pan      | Noticed Vyplucs the pandemonium lord
104997 | Pan      | Killed Vyplucs the pandemonium lord
105638 | Pan      | Found an exit through the horrors of the Abyss.
106810 | Pan      | Got a transparent cloak
106821 | Pan      | Identified the +5 cloak of the Gate {*Confuse +Blink Str+5 Stlth+} (You found it in Pandemonium)
106932 | Pan      | Noticed Cuarycew the pandemonium lord
106939 | Pan      | Killed Cuarycew the pandemonium lord
107120 | Pan      | Found an exit through the horrors of the Abyss.
107633 | Pan      | Found an exit through the horrors of the Abyss.
107892 | Pan      | Gained mutation: Your body sometimes deteriorates upon taking damage. [a neqoxec]
107976 | Pan      | Noticed Taorof the pandemonium lord
107984 | Pan      | Killed Taorof the pandemonium lord
108325 | Pan      | Noticed Suzujeol the pandemonium lord
108337 | Pan      | Killed Suzujeol the pandemonium lord
108722 | Pan      | Learned a level 8 spell: Lehudib's Crystal Spear
108732 | Pan      | Learned a level 9 spell: Glaciate
108863 | Pan      | Found an exit through the horrors of the Abyss.
109106 | Pan      | Reached skill level 27 in Dodging
109719 | Pan      | Found an exit through the horrors of the Abyss.
110866 | Pan      | Found an exit through the horrors of the Abyss.
110881 | Pan      | Reached skill level 1 in Earth Magic
110972 | Pan      | Gained mutation: You are somewhat resistant to further mutation. [potion of beneficial mutation]
111260 | Pan      | Noticed Cis Cany the pandemonium lord
111265 | Pan      | Killed Cis Cany the pandemonium lord
111393 | Pan      | Got a warped ivory ring
111394 | Pan      | Identified the ring "Cydy" {Wiz MR+} (You found it in Pandemonium)
111690 | Pan      | Reached skill level 5 in Fighting
112071 | Pan      | Found a white marble altar of Elyvilon.
112386 | Pan      | Got a fine flail
112387 | Pan      | Identified the +5 flail of Keaklef {antimagic, rElec MR++ Int-2 Dex+2} (You found it in Pandemonium)
112486 | Pan      | Got a scorched large shield
112506 | Pan      | Identified the cursed +0 large shield of the Saviour {rC- Int+6 SInv} (You took it off a daeva in Pandemonium)
112725 | Pan      | Got a fine double sword
112726 | Pan      | Identified the +2 double sword of Crawling {freeze, Str+3} (You found it in Pandemonium)
112934 | Pan      | Reached skill level 10 in Fighting
113134 | Pan      | Found a glowing silver altar of Zin.
113593 | Pan      | Noticed a seraph
113594 | Pan      | Killed a seraph
113594 | Pan      | Reached skill level 5 in Necromancy
113599 | Pan      | Found a glowing golden altar of the Shining One.
114287 | Pan      | Identified the Grimoire of Dusty Bewitchment
114799 | Pan      | Lost mutation: Your body sometimes deteriorates upon taking damage. [potion of cure mutation]
114799 | Pan      | Lost mutation: Your spells are a little harder to cast, but a little more powerful. [potion of cure mutation]
114799 | Pan      | Lost mutation: You are somewhat resistant to further mutation. [potion of cure mutation]
114894 | Depths:5 | Escaped Pandemonium
115214 | Vaults:1 | You showed the abyssal rune of Zot to enter a treasure trove
115215 | Trove    | Entered a treasure trove
115244 | Trove    | Got a steaming turquoise ring
115245 | Trove    | Identified the ring of the Ten Eyes {rN+ Str+6 Dex-3} (You found it in a treasure trove)
115256 | Trove    | Got a heavily runed wooden ring
115257 | Trove    | Identified the ring "Jitz" {rElec rC+ rN+++ Dex-4 Stlth+} (You found it in a treasure trove)
115259 | Trove    | Got a vibrating marble ring
115260 | Trove    | Identified the ring "Kahu" {Wiz rElec rN+ MP+9} (You found it in a treasure trove)
115267 | Trove    | Got a clouded bone ring
115268 | Trove    | Identified the ring "Vaexeg" {*Drain +Fly rC+ rN+} (You found it in a treasure trove)
115272 | Trove    | Got a pitted ruby amulet
115273 | Trove    | Identified the amulet "Wimieb" {rF+ Regen+ Dex+4} (You found it in a treasure trove)
115278 | Trove    | Got a scorched golden ring
115279 | Trove    | Identified the ring "Eskugi" {Ice +Inv +Fly Str+2} (You found it in a treasure trove)
115573 | Pan      | Entered Pandemonium
115926 | Pan      | Found an exit through the horrors of the Abyss.
116307 | Pan      | Noticed Ziczolareper the pandemonium lord
116308 | Pan      | Reached skill level 5 in Stealth
116310 | Pan      | Killed Ziczolareper the pandemonium lord
117482 | Pan      | Found an exit through the horrors of the Abyss.
117625 | Pan      | Gained mutation: Your body sometimes deteriorates upon taking damage. [a cacodemon]
118074 | Pan      | Noticed Setzunt the pandemonium lord
118079 | Pan      | Killed Setzunt the pandemonium lord
118607 | Pan      | Lost mutation: Your body sometimes deteriorates upon taking damage. [potion of cure mutation]
118607 | Pan      | Lost mutation: You are covered in fur (AC +1). [potion of cure mutation]
118669 | Pan      | Found an exit through the horrors of the Abyss.
119818 | Pan      | Reached skill level 1 in Ice Magic
120003 | Pan      | Entered the realm of Mnoleg.
120263 | Pan      | Gained mutation: You are frail (-10% HP). [a cacodemon]
121255 | Pan      | Lost mutation: You are frail (-10% HP). [potion of cure mutation]
121255 | Pan      | Lost mutation: You are partially covered in thin metallic scales (AC +2). [potion of cure mutation]
121607 | Pan      | Found an exit through the horrors of the Abyss.
122304 | Pan      | Noticed Mnoleg
122312 | Pan      | Killed Mnoleg
122437 | Pan      | Got a glowing rune of Zot
122715 | Pan      | Found an exit through the horrors of the Abyss.
123586 | Pan      | Noticed Simienk the pandemonium lord
123588 | Pan      | Killed Simienk the pandemonium lord
123588 | Pan      | Reached skill level 27 in Air Magic
124660 | Pan      | Entered the realm of Cerebov.
124807 | Pan      | Found an exit through the horrors of the Abyss.
125224 | Pan      | Reached skill level 5 in Earth Magic
126649 | Pan      | Noticed Cerebov
126674 | Pan      | Killed Cerebov
126674 | Pan      | Reached skill level 10 in Earth Magic
128253 | Pan      | Identified the Volume of Clay and Conjuration
128277 | Pan      | Identified the Tome of the Poles
128323 | Pan      | Got a fiery rune of Zot
129416 | Pan      | Noticed Haonn the pandemonium lord
129418 | Pan      | Killed Haonn the pandemonium lord
129770 | Pan      | Found an exit through the horrors of the Abyss.
130575 | Pan      | Found an exit through the horrors of the Abyss.
130741 | Pan      | Got a crude scale mail
130756 | Pan      | Identified the cursed +1 scale mail "Featruma" {rF+ rN+ Stlth+} (You found it in Pandemonium)
131510 | Pan      | Noticed Origaeck the pandemonium lord
131513 | Pan      | Killed Origaeck the pandemonium lord
131644 | Pan      | Reached skill level 5 in Ice Magic
132129 | Pan      | Noticed Syovodozy the pandemonium lord
132132 | Pan      | Killed Syovodozy the pandemonium lord
133060 | Pan      | Found an exit through the horrors of the Abyss.
133433 | Pan      | Noticed Qofy the pandemonium lord
133439 | Pan      | Killed Qofy the pandemonium lord
134016 | Pan      | Found an exit through the horrors of the Abyss.
134793 | Pan      | Noticed Wuxam the pandemonium lord
134796 | Pan      | Killed Wuxam the pandemonium lord
135033 | Pan      | Found an exit through the horrors of the Abyss.
135303 | Pan      | Entered the realm of Gloorx Vloq.
135392 | Pan      | Found an exit through the horrors of the Abyss.
136869 | Pan      | Reached skill level 10 in Necromancy
137356 | Pan      | Reached skill level 10 in Ice Magic
137919 | Pan      | Noticed Gloorx Vloq
137922 | Pan      | Killed Gloorx Vloq
137943 | Pan      | Got a dark rune of Zot
138309 | Pan      | Found an exit through the horrors of the Abyss.
138705 | Pan      | Gained mutation: You are surrounded by a mild repulsion field (EV +2). [potion of beneficial mutation]
138706 | Pan      | Gained mutation: You have a somewhat thin skeletal structure (Dex +2, Stealth). [potion of beneficial mutation]
139037 | Pan      | Noticed Eteamma the pandemonium lord
139042 | Pan      | Killed Eteamma the pandemonium lord
139671 | Pan      | Entered the realm of Lom Lobon.
140419 | Pan      | Found an exit through the horrors of the Abyss.
140734 | Pan      | Noticed Lom Lobon
140753 | Pan      | Killed Lom Lobon
140952 | Pan      | Got a magical rune of Zot
141252 | Pan      | Noticed Geagisoem the pandemonium lord
141260 | Pan      | Killed Geagisoem the pandemonium lord
141463 | Pan      | Found an exit through the horrors of the Abyss.
142237 | Pan      | Noticed Kacam the pandemonium lord
142243 | Pan      | Killed Kacam the pandemonium lord
142305 | Pan      | Got a pair of faintly glowing boots
142306 | Pan      | Identified the +1 pair of boots of the Scribe {Str+4 Int+10} (You found it in Pandemonium)
142536 | Pan      | Gained mutation: You occasionally shout uncontrollably at your foes. [a cacodemon]
142740 | Pan      | Found an exit through the horrors of the Abyss.
143183 | Pan      | Noticed Xaimpomm the pandemonium lord
143185 | Pan      | Killed Xaimpomm the pandemonium lord
143374 | Pan      | Got a bloodstained ring mail
143385 | Pan      | Identified the +4 ring mail of Anydwusu {rPois} (You found it in Pandemonium)
143440 | Pan      | Found an exit through the horrors of the Abyss.
143861 | Pan      | Noticed Makum the pandemonium lord
143865 | Pan      | Killed Makum the pandemonium lord
144143 | Pan      | Found an exit through the horrors of the Abyss.
144375 | Pan      | Found an exit through the horrors of the Abyss.
144555 | Pan      | Noticed Bokhozucept the pandemonium lord
144556 | Pan      | Killed Bokhozucept the pandemonium lord
144653 | Pan      | Gained mutation: You have a pair of small horns on your head. [potion of mutation]
144653 | Pan      | Gained mutation: You expend magic power (3 MP) to strengthen your wands. [potion of mutation]
144654 | Pan      | Lost mutation: You occasionally shout uncontrollably at your foes. [potion of cure mutation]
144654 | Pan      | Lost mutation: You have a somewhat thin skeletal structure (Dex +2, Stealth). [potion of cure mutation]
144654 | Pan      | Lost mutation: You expend magic power (3 MP) to strengthen your wands. [potion of cure mutation]
144654 | Pan      | Lost mutation: You have a pair of small horns on your head. [potion of cure mutation]
144654 | Pan      | Lost mutation: You are surrounded by a mild repulsion field (EV +2). [potion of cure mutation]
144988 | Pan      | Noticed Sequ the pandemonium lord
144989 | Pan      | Killed Sequ the pandemonium lord
146099 | Pan      | Found an exit through the horrors of the Abyss.
146240 | Pan      | Noticed Gocsoegg the pandemonium lord
146247 | Pan      | Killed Gocsoegg the pandemonium lord
146909 | Pan      | Found an exit through the horrors of the Abyss.
147308 | Pan      | Found an exit through the horrors of the Abyss.
147337 | Pan      | Noticed Tuyppa the pandemonium lord
147342 | Pan      | Killed Tuyppa the pandemonium lord
148528 | Pan      | Got a smoking spear
148529 | Pan      | Identified the cursed +1 spear of Suicidal Tendencies {speed, Str+4} (You found it in Pandemonium)
148579 | Pan      | Noticed Niskeu the pandemonium lord
148587 | Pan      | Killed Niskeu the pandemonium lord
148613 | Pan      | Found an exit through the horrors of the Abyss.
149318 | Pan      | Noticed Jackus the pandemonium lord
149459 | Pan      | Found an exit through the horrors of the Abyss.
149468 | Pan      | Killed Jackus the pandemonium lord
149624 | Pan      | Reached skill level 27 in Shields
149888 | Pan      | Reached skill level 10 in Stealth
150065 | Pan      | Learned a level 8 spell: Controlled Blink
150975 | Pan      | Found an exit through the horrors of the Abyss.
151072 | Pan      | Reached skill level 15 in Stealth
151590 | Pan      | Noticed Meqashrerch the pandemonium lord
151594 | Pan      | Gained mutation: You are dopey. (Int -2) [a cacodemon]
151597 | Pan      | Killed Meqashrerch the pandemonium lord
151658 | Pan      | Identified the Incunabulum of the Bard
151669 | Pan      | Identified the Almanac of Congealing Earth
151688 | Pan      | Found an exit through the horrors of the Abyss.
151713 | Pan      | Noticed Giumpa the pandemonium lord
151717 | Pan      | Killed Giumpa the pandemonium lord
153322 | Pan      | Noticed Uquythra the pandemonium lord
153323 | Pan      | Killed Uquythra the pandemonium lord
153818 | Pan      | Found an exit through the horrors of the Abyss.
154485 | Pan      | Noticed Kudoir the pandemonium lord
154491 | Pan      | Killed Kudoir the pandemonium lord
154781 | Pan      | Found an exit through the horrors of the Abyss.
155150 | Pan      | Got an encrusted hand axe
155151 | Pan      | Identified the +3 hand axe of Devotion {freeze, +Inv} (You found it in Pandemonium)
155275 | Pan      | Found a runed door.
155289 | Pan      | Found a runed door.
155290 | Pan      | Found a runed door.
155292 | Pan      | Noticed Nesijiypn the pandemonium lord
155296 | Pan      | Killed Nesijiypn the pandemonium lord
155328 | Pan      | Found a runed door.
155369 | Pan      | Reached skill level 15 in Necromancy
155414 | Pan      | Found an exit through the horrors of the Abyss.
155442 | Pan      | Reached skill level 15 in Fighting
156274 | Pan      | Found an exit through the horrors of the Abyss.
156368 | Pan      | Identified the Collected Works on Enchanting Sinister Rituals
156553 | Pan      | Noticed Kaotel the pandemonium lord
156565 | Pan      | Killed Kaotel the pandemonium lord
156574 | Pan      | Lost mutation: You are dopey. (Int -2) [potion of cure mutation]
157403 | Pan      | Identified Sif Muna's Sorcery Continued
157404 | Pan      | Found an exit through the horrors of the Abyss.
157417 | Pan      | Noticed Xaps the pandemonium lord
157423 | Pan      | Killed Xaps the pandemonium lord
158267 | Pan      | Upgraded the game from 0.18-a0-1677-g2bdad6c to 0.18-a0-1682-g23343eb
158590 | Pan      | Got a translucent trident
158591 | Pan      | Identified the cursed +2 trident "Pimeum" {vamp, *Drain rPois rC+ Dex+3} (You found it in Pandemonium)
158855 | Pan      | Noticed Caxziulu the pandemonium lord
158858 | Pan      | Killed Caxziulu the pandemonium lord
158866 | Pan      | Noticed Ignacio
158867 | Pan      | Killed Ignacio
159267 | Pan      | Found an exit through the horrors of the Abyss.
159482 | Pan      | Noticed Ojaar the pandemonium lord
159484 | Pan      | Killed Ojaar the pandemonium lord
160432 | Pan      | Found an exit through the horrors of the Abyss.
160892 | Pan      | Found an exit through the horrors of the Abyss.
160920 | Pan      | Noticed Myblomom the pandemonium lord
160922 | Pan      | Killed Myblomom the pandemonium lord
161417 | Pan      | Got a colourful robe
161428 | Pan      | Identified the +2 robe of the Amoeba {Stlth+} (You found it in Pandemonium)
161717 | Pan      | Noticed Figo the pandemonium lord
161724 | Pan      | Killed Figo the pandemonium lord
161802 | Pan      | Found an exit through the horrors of the Abyss.
162600 | Pan      | Found a runed door.
162818 | Pan      | Found an exit through the horrors of the Abyss.
163209 | Pan      | Noticed Sexusy the pandemonium lord
163214 | Pan      | Killed Sexusy the pandemonium lord
163542 | Pan      | Gained mutation: You are frail (-10% HP). [a cacodemon]
163754 | Pan      | Found an exit through the horrors of the Abyss.
163827 | Pan      | Identified Vaycokh's Handbook of the Voyage and Fire
163834 | Pan      | Noticed Fadalacw the pandemonium lord
163838 | Pan      | Killed Fadalacw the pandemonium lord
164525 | Pan      | Noticed Haatis the pandemonium lord
164527 | Pan      | Killed Haatis the pandemonium lord
164924 | Pan      | Found an exit through the horrors of the Abyss.
165316 | Pan      | Found an exit through the horrors of the Abyss.
165484 | Pan      | Reached skill level 5 in Translocations
165698 | Pan      | Lost mutation: You are frail (-10% HP). [potion of cure mutation]
166057 | Pan      | Noticed Utzy the pandemonium lord
166136 | Pan      | Killed Utzy the pandemonium lord
166693 | Pan      | Found an exit through the horrors of the Abyss.
166983 | Pan      | Noticed Alihox the pandemonium lord
166995 | Pan      | Killed Alihox the pandemonium lord
167909 | Pan      | Noticed Agoxe the pandemonium lord
167914 | Pan      | Killed Agoxe the pandemonium lord
168162 | Pan      | Found an exit through the horrors of the Abyss.
168578 | Pan      | Noticed Meidon the pandemonium lord
168592 | Pan      | Killed Meidon the pandemonium lord
168869 | Pan      | Found an exit through the horrors of the Abyss.
169475 | Pan      | Found an exit through the horrors of the Abyss.
169721 | Pan      | Found a huge runed gate.
170163 | Pan      | Reached skill level 10 in Translocations
170170 | Pan      | Noticed Hodaib the pandemonium lord
170175 | Pan      | Killed Hodaib the pandemonium lord
170295 | Pan      | Noticed Zozefaweaq the pandemonium lord
170307 | Pan      | Killed Zozefaweaq the pandemonium lord
170456 | Pan      | Found an exit through the horrors of the Abyss.
170861 | Pan      | Found an exit through the horrors of the Abyss.
171160 | Pan      | Reached skill level 1 in Transmutations
171182 | Pan      | Noticed Soodghic the pandemonium lord
171183 | Pan      | Killed Soodghic the pandemonium lord
171674 | Pan      | Reached skill level 5 in Transmutations
171964 | Pan      | Found a huge runed gate.
172021 | Pan      | Found an exit through the horrors of the Abyss.
172274 | Pan      | Noticed Plog the pandemonium lord
172282 | Pan      | Killed Plog the pandemonium lord
172527 | Pan      | Found an exit through the horrors of the Abyss.
172788 | Pan      | Noticed Xeoth the pandemonium lord
172791 | Pan      | Killed Xeoth the pandemonium lord
173108 | Pan      | Found an exit through the horrors of the Abyss.
173249 | Pan      | Noticed Loji the pandemonium lord
173256 | Pan      | Killed Loji the pandemonium lord
173686 | Pan      | Found an exit through the horrors of the Abyss.
173705 | Pan      | Reached skill level 10 in Transmutations
174317 | Pan      | Found an exit through the horrors of the Abyss.
174644 | Pan      | Noticed Uluedat the pandemonium lord
174645 | Pan      | Killed Uluedat the pandemonium lord
174925 | Pan      | Took an exit into the Abyss.
174925 | Abyss:1  | Escaped into the Abyss
174933 | Depths:3 | Escaped the Abyss
175291 | Tomb:1   | Entered Level 1 of the Tomb of the Ancients
175848 | Tomb:1   | Noticed a greater mummy
175849 | Tomb:1   | Killed a greater mummy
175902 | Tomb:1   | Noticed a greater mummy
175913 | Tomb:1   | Killed a greater mummy
176267 | Tomb:2   | Noticed a greater mummy
176267 | Tomb:2   | Noticed a greater mummy
176269 | Tomb:2   | Noticed a greater mummy
176269 | Tomb:2   | Noticed a greater mummy
176271 | Tomb:2   | Killed a greater mummy
176273 | Tomb:2   | Killed a greater mummy
176273 | Tomb:2   | Killed a greater mummy
176277 | Tomb:2   | Killed a greater mummy
176325 | Tomb:2   | Noticed Mara
176328 | Tomb:2   | Noticed SirMumm's illusion
176330 | Tomb:2   | Killed Mara
176800 | Tomb:1   | Noticed a greater mummy
176800 | Tomb:1   | Noticed a greater mummy
176801 | Tomb:1   | Noticed a greater mummy
176802 | Tomb:1   | Killed a greater mummy
176803 | Tomb:1   | Killed a greater mummy
176804 | Tomb:1   | Killed a greater mummy
176807 | Tomb:1   | Noticed a greater mummy
176807 | Tomb:1   | Killed a greater mummy
176809 | Tomb:1   | Noticed a greater mummy
176809 | Tomb:1   | Killed a greater mummy
176814 | Tomb:1   | Noticed a greater mummy
176814 | Tomb:1   | Killed a greater mummy
176815 | Tomb:1   | Killed a greater mummy
176969 | Tomb:1   | Noticed a greater mummy
176970 | Tomb:1   | Noticed a greater mummy
176974 | Tomb:1   | Killed a greater mummy
176976 | Tomb:1   | Killed a greater mummy
177041 | Tomb:1   | Noticed a greater mummy
177043 | Tomb:1   | Killed a greater mummy
177043 | Tomb:1   | Reached skill level 15 in Transmutations
177151 | Tomb:1   | Noticed a greater mummy
177159 | Tomb:1   | Killed a greater mummy
177273 | Tomb:1   | Noticed a greater mummy
177279 | Tomb:1   | Killed a greater mummy
177282 | Tomb:1   | Noticed a greater mummy
177289 | Tomb:1   | Killed a greater mummy
177383 | Tomb:1   | Noticed a greater mummy
177385 | Tomb:1   | Noticed a greater mummy
177386 | Tomb:1   | Killed a greater mummy
177387 | Tomb:1   | Killed a greater mummy
177403 | Tomb:1   | Noticed a greater mummy
177404 | Tomb:1   | Noticed a greater mummy
177405 | Tomb:1   | Killed a greater mummy
177405 | Tomb:1   | Killed a greater mummy
177521 | Tomb:1   | Noticed a greater mummy
177523 | Tomb:1   | Killed a greater mummy
177536 | Tomb:1   | Noticed a greater mummy
177537 | Tomb:1   | Killed a greater mummy
177752 | Tomb:3   | Entered Level 3 of the Tomb of the Ancients
177761 | Tomb:3   | Noticed a greater mummy
177761 | Tomb:3   | Noticed a greater mummy
177765 | Tomb:3   | Killed a greater mummy
177766 | Tomb:3   | Noticed a greater mummy
177766 | Tomb:3   | Killed a greater mummy
177772 | Tomb:3   | Noticed a greater mummy
177777 | Tomb:3   | Killed a greater mummy
177780 | Tomb:3   | Noticed a greater mummy
177782 | Tomb:3   | Killed a greater mummy
177784 | Tomb:3   | Killed a greater mummy
178116 | Tomb:3   | Got a faintly glowing robe
178117 | Tomb:3   | Identified the +1 robe of the Doldrums {rPois rC- Str+3 Stlth+} (You found it on level 3 of the Tomb of the Ancients)
178120 | Tomb:3   | Got an ancient plate armour
178121 | Tomb:3   | Identified the +5 plate armour "Jeupluwy" {SInv} (You found it on level 3 of the Tomb of the Ancients)
178158 | Tomb:3   | Noticed a greater mummy
178161 | Tomb:3   | Killed a greater mummy
178183 | Tomb:3   | Noticed an ancient lich
178188 | Tomb:3   | Killed an ancient lich
178476 | Tomb:3   | Noticed a greater mummy
178479 | Tomb:3   | Killed a greater mummy
178479 | Tomb:3   | Reached skill level 15 in Translocations
178509 | Tomb:3   | Noticed a greater mummy
178514 | Tomb:3   | Killed a greater mummy
178538 | Tomb:3   | Lost strength.
178544 | Tomb:3   | Got a golden rune of Zot
179270 | Hell     | Noticed Murray
179532 | Hell     | Killed Murray
179802 | Hell     | Found a gateway to the ashen valley of Gehenna.
179846 | Hell     | Found a gateway to the Iron City of Dis.
179895 | Hell     | Found a gateway to the freezing wastes of Cocytus.
180017 | Hell     | Found a gateway to the decaying netherworld of Tartarus.
180019 | Hell     | Reached skill level 1 in Charms
180192 | Dis:1    | Entered Level 1 of the Iron City of Dis
180401 | Dis:2    | Reached skill level 5 in Charms
180830 | Dis:6    | Reached skill level 10 in Charms
181450 | Dis:6    | Gained mutation: Your body sometimes deteriorates upon taking damage. [a cacodemon]
181615 | Dis:7    | Entered Level 7 of the Iron City of Dis
182047 | Dis:7    | Gained mutation: You possess an exceptional clarity of mind. [a cacodemon]
182183 | Dis:7    | Reached skill level 15 in Earth Magic
182819 | Dis:7    | Noticed Dispater
182829 | Dis:7    | Killed Dispater
182886 | Dis:7    | Got an iron rune of Zot
183139 | Geh:1    | Entered Level 1 of Gehenna
183524 | Geh:7    | Entered Level 7 of Gehenna
183813 | Geh:7    | Noticed Asmodeus
183910 | Geh:7    | Killed Asmodeus
183958 | Geh:7    | Got an obsidian rune of Zot
184227 | Tar:1    | Entered Level 1 of Tartarus
184631 | Tar:3    | Lost mutation: Your body sometimes deteriorates upon taking damage. [potion of cure mutation]
184631 | Tar:3    | Lost mutation: You possess an exceptional clarity of mind. [potion of cure mutation]
184784 | Tar:7    | Entered Level 7 of Tartarus
184806 | Tar:7    | Noticed an ancient lich
184809 | Tar:7    | Killed an ancient lich
184899 | Tar:7    | Noticed Ereshkigal
184902 | Tar:7    | Killed Ereshkigal
184942 | Tar:7    | Got a bone rune of Zot
185119 | Coc:1    | Entered Level 1 of Cocytus
185388 | Coc:7    | Entered Level 7 of Cocytus
185911 | Coc:7    | Noticed Antaeus
185921 | Coc:7    | Killed Antaeus
186046 | Coc:7    | Noticed the Serpent of Hell
186053 | Coc:7    | Killed the Serpent of Hell
186303 | Coc:7    | Got an icy rune of Zot
186788 | Zot:5    | Entered Level 5 of the Realm of Zot
186788 | Zot:5    | Found a huge runed gate.
186788 | Zot:5    | Found a huge runed gate.
186788 | Zot:5    | Found a huge runed gate.
186789 | Zot:5    | Found a huge runed gate.
186790 | Zot:5    | Found a huge runed gate.
186790 | Zot:5    | Found a huge runed gate.
186790 | Zot:5    | Found a huge runed gate.
186790 | Zot:5    | Found a huge runed gate.
186790 | Zot:5    | Found a huge runed gate.
186797 | Zot:5    | Noticed an orb of fire
186798 | Zot:5    | Noticed an orb of fire
186803 | Zot:5    | Killed an orb of fire
186805 | Zot:5    | Killed an orb of fire
187000 | Zot:5    | Noticed an orb of fire
187003 | Zot:5    | Noticed an orb of fire
187005 | Zot:5    | Killed an orb of fire
187006 | Zot:5    | Noticed an orb of fire
187009 | Zot:5    | Gained mutation: Armour fits poorly on your strangely shaped body. [an orb of fire]
187011 | Zot:5    | Killed an orb of fire
187011 | Zot:5    | Gained mutation: You have sharp toenails. [an orb of fire]
187012 | Zot:5    | Lost mutation: You have sharp toenails. [potion of cure mutation]
187012 | Zot:5    | Lost mutation: Armour fits poorly on your strangely shaped body. [potion of cure mutation]
187013 | Zot:5    | Killed an orb of fire
187201 | Zot:5    | Noticed an orb of fire
187203 | Zot:5    | Gained mutation: You occasionally shout uncontrollably at your foes. [an orb of fire]
187210 | Zot:5    | Killed an orb of fire
187211 | Zot:5    | Noticed an orb of fire
187211 | Zot:5    | Noticed an orb of fire
187211 | Zot:5    | Gained mutation: You are robust (+10% HP). [an orb of fire]
187219 | Zot:5    | Gained mutation: Armour fits poorly on your strangely shaped body. [an orb of fire]
187220 | Zot:5    | Killed an orb of fire
187221 | Zot:5    | Killed an orb of fire
187230 | Zot:5    | Lost mutation: Armour fits poorly on your strangely shaped body. [potion of cure mutation]
187230 | Zot:5    | Lost mutation: You occasionally shout uncontrollably at your foes. [potion of cure mutation]
187230 | Zot:5    | Lost mutation: You are robust (+10% HP). [potion of cure mutation]
187720 | Zot:5    | Got the Orb of Zot
187774 | Zot:5    | Noticed Gankuepp the pandemonium lord
188408 | D:$      | Escaped with the Orb!

Vault maps used:
D:1:      tarquinn_simple_flora_water_e
D:2:      elyvilon_altar_5, grunt_temple_overflow_open, first_bread,
          uniq_natasha
D:3:      ecumenical_altar_2
D:4:      makhleb_heckhound_becter, serial_shops, nicolae_shop_statue_plus,
          shop, shop_coins, shop
D:5:      minmay_temple_entry_large_hall
D:6:      serial_shops, nicolae_shop_stone, trog_butcher_becter
D:8:      david_nohive_1
D:9:      marbit_many_paths, lair_0_dummy, david_orc_5, serial_shops,
          nicolae_shop_waterfront, uniq_erica
D:12:     kennysheep_cluttered_room, st_stairs_3, uniq_nessos
D:14:     erik_vaults_2, serial_column_ruins, column_ruins_hut,
          column_ruins_corridor_straight, column_ruins_grid_1,
          column_ruins_columns_straight, uniq_maud
D:15:     gammafunk_depths_entry_grave, old_standard_altar
Lair:1:   lab_entry_generic, infiniplex_staircase_pool_2
Lair:2:   grunt_megastairs_3, uniq_sonja
Lair:3:   minmay_lair_oklob_chamber, beast_lair_carwin_10
Lair:4:   elwin_shoals_entry_rooms, portal_ice_cave_entry_ice_beasts,
          uniq_rupert
Lair:5:   gammafunk_lair_enchanted_lake, spider_nest_entry_webs
Lair:6:   patterned_corridor, lemuel_fruit_fields
Lair:8:   due_jungle_book, slime_dummy, basic_altar
Shoals:2: serial_shops, shop, shop_fountains, shop, shop_coins
Shoals:3: wheals_shoals_ruined_temple
Shoals:4: shoals_end_grunt_garden, shoals_ilsuiw_alternative,
          nicolae_shoals_circle_sea_wall
Spider:3: guppyfry_spider_mini_3, uniq_aizul, uniq_donald
Spider:4: johnstein_spider_rune_arachne_lair, nicolae_spider_circle_web,
          nicolae_orb_stairs, uniq_arachne, uniq_wiglaf
Slime:4:  nicolae_slime_jelly_donut
Slime:5:  dissolution_awaits
Orc:1:    basic_altar, mines1_david
Orc:2:    grunt_orc_community_town_hall, grunt_orc_community_big_house_2,
          grunt_orc_community_big_house_2, grunt_orc_community_house_2,
          grunt_orc_community_house_1, grunt_orc_community_house_1,
          grunt_orc_community_house_1, grunt_orc_community_house_2
Elf:1:    eino_elf_arrival_shootout
Elf:2:    serial_shops, shop, shop, moated_statue, guppyfry_elf_castle
Elf:3:    grunt_elf_hall_diamonds, serial_shops, freezing_bzr
Vaults:1: serial_ice_m, vaults_dpeg_ring, v_misc_9,
          nicolae_vaults_little_squares_2, hangedman_vaults_slice,
          vaults_standard_mumra_lines, v_misc_19, nicolae_vaults_what_the_h,
          nicolae_vaults_disjoint_gnomons, nicolae_vaults_border_crossing,
          serial_ice_g, nicolae_vaults_murderbox, nicolae_trove_entry_crystal
Vaults:2: nicolae_vaults_rhombus_6, minmay_crypt_entry_necro_gods, v_misc_17,
          v_rooms_3, nicolae_vaults_diagonal_hallway_8,
          vaults_standard_mumra_enter_the_diamond, nicolae_vaults_big_ls,
          st_cells, vaults_room_semicircle, vaults_room_stairs_pillars,
          serial_shops, bzr_in_the_mist, shop_statue, shop, shop
Vaults:3: v_pattern_4, v_misc_23, v_misc_4, nicolae_vaults_know_your_exits,
          v_misc_9, vaults_standard_mumra_x, vaults_room_stairs_pillars,
          v_misc_22, v_rooms_6, vaults_dpeg_encased_lava,
          grunt_vaults_hallway_short, nicolae_vaults_little_squares_4,
          serial_ice_g, nicolae_vaults_sealed_display, serial_shops, shop, shop,
          shop, nicolae_shop_statue_plus, shop_fountains
Vaults:4: vaults_room_grunt_arrival_ludios, nicolae_vaults_triangles, v_misc_22,
          hangedman_vaults_stitches, hangedman_vaults_restitches,
          vaults_room_grunt_arrival_checkpoint, v_rooms_6, v_misc_25, uniq_jory
Vaults:5: serial_shops
Crypt:1:  minmay_skeleton_keep, uniq_xtahua
Crypt:2:  st_stairs_10, roderic_lattice_octagonal_star
Crypt:3:  cryptofortress_bobbens, uniq_frederick, uniq_khufu
Tomb:2:   uniq_mara
Depths:1: enter_ziggurat_a, abyss_entry, pf_vacation_house_of_asmodeus,
          minmay_misc_feat_tower, due_unseen_surprise, firewood_loft
Depths:2: hangedman_box_tower, pf_hell_entry_tar_river, serial_bayou_ford_a,
          infiniplex_staircase_river
Depths:3: kennysheep_ogre_elephant_herders, pan_entry, abandoned_shop,
          grunt_mini_vestibule, abyss_entry_flame_altar, serial_shops,
          nicolae_shop_temple_entry_statues_fountains,
          infiniplex_staircase_split_hallway
Depths:4: minmay_distorted_concentric_squares, abandoned_shop, hell_entry,
          abyss_entry, bh_walls_and_bars
Depths:5: grunt_zot_entry_bicorn, nicolae_abyss_entry_one_way_or_another,
          pan_entry, hell_entry, roderic_serpentine_path, serial_shops,
          shop_statue, uniq_margery
Dis:7:    dis_st
Geh:2:    lemuel_hellion_isle
Geh:4:    lemuel_flamethrower_3, grunt_megastairs_1
Geh:6:    lemuel_flamethrower_2
Geh:7:    geh_grunt
Coc:7:    coc_old
Tar:2:    grunt_deathspiral_small
Tar:3:    grunt_megastairs_4
Tar:4:    nicolae_tar_cuneiform_bird
Tar:6:    grunt_megastairs_2
Tar:7:    tar_old
Zot:1:    evilmike_crystal_ball_defense, grunt_ministairs_6
Zot:2:    grunt_zot_stairs_mandelzot, st_single_dragon_hoard_1,
          basic_stair_grate_trap
Zot:5:    door_vault
Abyss:3:  minivault_27, eino_small_chamber_without_monster
Abyss:4:  hangedman_abyss_rune_flesh_and_stone
Pan:      evilmike_mini_pan_3x3, evilmike_mini_pan_branches, uniq_mennas_pan,
          grunt_pan_in_and_out, rand_demon_1, evilmike_mini_pan_possible_glass,
          evilmike_mini_pan_branches, pan_blood_fountain, rand_demon_3,
          pan_captured_pigsty, evilmike_mini_pan_pillars, lemuel_hellion_island,
          pan_blood_fountain_small, evilmike_holy_pan, rand_demon_1,
          grunt_pan_in_and_out, pan_blood_fountain_2, rand_demon_4, mnoleg_st,
          grunt_pan_in_and_out, cerebov_grunt, pan_blood_fountain_small,
          rand_demon_3, nicolae_pan_mnolegish_3, evilmike_mini_pan_other_thingy,
          pan_blood_fountain_small, evilmike_mini_pan_rooms,
          nicolae_pan_gloorx_vloqian_1, nicolae_pan_strange_glyphs,
          nicolae_pan_sigil_uleosi, evilmike_mini_pan_possible_glass,
          pan_blood_fountain_small, nicolae_pan_double_arrow,
          evilmike_gloorx_vloq_box, pan_blood_fountain_small,
          evilmike_mini_pan_other_thingy, lom_lobon, pan_blood_fountain_small,
          grunt_pan_zigzag, pan_blood_fountain_2, nicolae_pan_cerebovesque_1,
          nicolae_pan_double_arrow, rand_demon_1, rand_demon_3,
          pan_blood_fountain, evilmike_mini_pan_other_thingy, rand_demon_2,
          pan_blood_fountain, rand_demon_3, rand_demon_3,
          pan_blood_fountain_small, rand_demon_6, pan_blood_fountain,
          evilmike_mini_pan_branches, evilmike_mini_pan_pillars_b,
          pan_blood_fountain_small, nicolae_pan_diamonds,
          evilmike_mini_pan_branches, lemuel_hall_of_pain, rand_demon_7,
          pan_blood_fountain_small, nicolae_pan_mnolegish_4,
          evilmike_mini_pan_branches, evilmike_mini_pan_T,
          evilmike_mini_pan_layers, pan_blood_fountain_2, uniq_ignacio,
          pan_blood_fountain, rand_demon_1, nicolae_pan_gloorx_vloqian_1,
          nicolae_pan_sick_transit, evilmike_mini_pan_layers,
          grunt_pan_frozen_over, rand_demon_9, evilmike_mini_pan_doors_b,
          nicolae_pan_hourglass, evilmike_mini_pan_branches,
          pan_blood_fountain_small, nicolae_pan_sigil_itan,
          nicolae_pan_gloorx_vloqian_2, evilmike_mini_pan_3x3,
          evilmike_mini_pan_possible_glass, nicolae_pan_cerebovesque_1,
          nicolae_pan_sigil_obb, grunt_pan_spiral, nicolae_pan_giant_door,
          reaverb_pan_chaos_star, nicolae_pan_cerebovesque_1,
          evilmike_mini_pan_diamond, evilmike_mini_pan_branches,
          reaverb_pan_squares, nicolae_pan_giant_door, grunt_pan_pentagram,
          rand_demon_6, pan_blood_fountain, pan_blood_fountain_small,
          rand_demon_5, evilmike_mini_pan_corner
Lab:      lab_fountain, labyrinth_lava_lair, nicolae_lab_dead_end,
          nicolae_lab_blocks, nicolae_lab_hexagon
Bazaar:   grunt_bazaar_doublecross, bazaar_kb_twisted_cavern
Trove:    trove_jewel_1
IceCv:    ice_cave_small_dragons

Skill      XL: |  1  2  3  4  5  6  7  8  9 10 11 12 13 14 15 16 17 18 19 20 21 22 23 24 25 26 27 |
---------------+----------------------------------------------------------------------------------+-----
Conjurations   | 2 3 4 5 7 8 10 12 13 14 16 17 18 20 22 25 27 | 27.0
Spellcasting   | 4 5 6 7 9 12 15 17 18 19 21 22 23 24 25 26 27 | 27.0
Air Magic      | 1 2 3 4 5 6 7 9 10 27 | 27.0
Dodging        | 3 4 5 11 12 13 14 15 16 27 | 27.0
Fire Magic     | 1 2 5 7 9 13 14 15 16 17 18 19 20 21 22 23 27 | 27.0
Poison Magic   | 3 5 6 8 |  8.0
Shields        | 5 8 27 | 27.0
Translocations | 15 | 15.2
Fighting       | 24 | 24.3
Necromancy     | 22 | 22.8
Armour         | 13 | 13.1
Stealth        | 23 | 23.2
Earth Magic    | 25 | 25.7
Ice Magic      | 13 | 13.9
Transmutations | 18 | 18.3
Charms         | 10 | 10.0
Summonings     | |  0.8

Action                   |  1- 3 |  4- 6 |  7- 9 | 10-12 | 13-15 | 16-18 | 19-21 | 22-24 | 25-27 || total
-------------------------+-------+-------+-------+-------+-------+-------+-------+-------+-------++-------
Melee: Unarmed           |    11 |     2 |     2 |       |       |       |       |       |       ||    15
       War axe           |       |       |    50 |    13 |       |       |       |       |       ||    63
       Trident           |       |       |       |    28 |       |       |       |       |       ||    28
       Mace              |       |       |       |    83 |    97 |    23 |       |       |       ||   203
       Staff             |       |       |       |       |    21 |    24 |     3 |     1 |   111 ||   160
 Cast: Magic Dart        |    95 |   119 |   364 |    95 |       |       |       |       |       ||   673
       Repel Missiles    |       |     1 |       |       |       |       |     6 |     4 |    10 ||    21
       Mephitic Cloud    |       |     5 |    14 |     3 |       |       |       |       |       ||    22
       Blink             |       |     4 |     1 |     3 |     9 |     3 |     5 |     1 |    32 ||    58
       Conjure Flame     |       |     2 |    20 |    24 |     1 |       |       |       |       ||    47
       Lightning Bolt    |       |       |     7 |    60 |    50 |     2 |     6 |       |       ||   125
       Airstrike         |       |       |       |   244 |   155 |    11 |    72 |    11 |     4 ||   497
       Bolt of Fire      |       |       |       |    13 |   504 |   807 |   657 |   749 |  4371 ||  7101
       Poison Arrow      |       |       |       |    13 |    82 |    42 |    23 |    19 |  1681 ||  1860
       Orb of Destructio |       |       |       |       |       |     1 |     2 |    10 |    59 ||    72
       Fire Storm        |       |       |       |       |       |       |     6 |    22 |   681 ||   709
       Lehudib's Crystal |       |       |       |       |       |       |       |       |   359 ||   359
       Tornado           |       |       |       |       |       |       |       |       |   249 ||   249
       Necromutation     |       |       |       |       |       |       |       |       |    28 ||    28
       Controlled Blink  |       |       |       |       |       |       |       |       |    10 ||    10
       Glaciate          |       |       |       |       |       |       |       |       |     9 ||     9
Evoke: Rod               |       |       |     1 |       |       |       |       |       |       ||     1
       Wand              |       |       |       |       |       |       |       |     6 |     7 ||    13
  Use: Scroll            |       |     7 |     2 |     8 |    14 |     7 |    15 |     5 |    60 ||   118
       Potion            |       |     1 |     4 |     2 |       |     2 |     4 |     3 |    62 ||    78
 Stab: Confused          |       |       |     1 |       |       |       |       |       |       ||     1
       Distracted        |       |       |       |       |       |       |     1 |       |     1 ||     2
       Petrifying        |       |       |       |       |       |       |       |       |     1 ||     1
  Eat: Chunk             |     3 |       |    15 |    31 |    41 |    28 |    32 |     8 |    48 ||   206
       Bread ration      |       |     2 |       |       |     1 |       |       |       |    23 ||    26
       Fruit             |       |       |     1 |     2 |     1 |       |       |     3 |    25 ||    32
       Beef jerky        |       |       |       |     2 |       |     3 |       |     4 |    22 ||    31
       Pizza             |       |       |       |     1 |       |     1 |     3 |     1 |    15 ||    21
       Meat ration       |       |       |       |       |     1 |     3 |       |     5 |    25 ||    34
       Royal jelly       |       |       |       |       |       |       |       |       |     1 ||     1
